 Dungeon Crawl Stone Soup version 0.17-a0-2098-gf59d6bc (webtiles) character file.

256 septik the Slasher (level 6, -15/42 HPs)
             Began as an Octopode Fighter on Oct 17, 2015.
             Killed by divine providence
             ... invoked by an orc priest
              (16 damage)
             ... on level 4 of the Dungeon.
             The game lasted 00:24:05 (4537 turns).

septik the Slasher (Octopode Fighter)               Turns: 4537, Time: 00:24:05

Health: -15/42     AC:  1    Str: 15    XL:     6   Next: 16%
Magic:  6/6        EV: 10    Int: 11    God:
Gold:   202        SH:  9    Dex: 13    Spells: 0 memorised, 5 levels left

rFire  . . .     SeeInvis .     f - +0 hunting sling
rCold  . . .     Clarity  .     b - +1 shield
rNeg   . . .     SustAt   .     (helmet restricted)
rPois  .         Gourm    .     (no amulet)
rElec  .         Spirit   .     (no ring)
rCorr  .         Warding  .     (no ring)
rMut   .         Stasis   .     (no ring)
MR     .....                    (no ring)
Stlth  +++.......               (no ring)
                                (no ring)
                                (no ring)
                                (no ring)

@: not resistant to hostile enchantments, fairly stealthy
A: almost no armour, amphibious, 8 rings, constrict 8, camouflage 1, gelatinous
body 1
a: no special abilities


You were on level 4 of the Dungeon.
You were very hungry.

You visited 1 branch of the dungeon, and saw 4 of its levels.

You collected 202 gold pieces.

Inventory:

Hand Weapons
 a - a +0 long sword
 f - a +0 hunting sling (weapon)
Missiles
 m - 135 stones (quivered)
 y - 3 poisoned tomahawks
Armour
 b - a +1 shield (worn)
Wands
 u - a wand of paralysis (7)
 v - a wand of digging (18)
Scrolls
 e - 2 scrolls of identify
 h - 2 scrolls of remove curse
 k - 2 scrolls of random uselessness {unknown}
 q - a scroll of recharging {unknown}
 w - 2 scrolls of fear {unknown}
 x - a scroll of teleportation {unknown}
 B - a scroll of blinking {unknown}
Potions
 c - 2 potions of might
 g - a potion of brilliance
 i - 3 potions of degeneration
 n - 2 potions of cancellation {unknown}
 o - a potion of heal wounds {unknown}
 p - a potion of agility {unknown}
 s - a potion of invisibility {unknown}
 t - a potion of resistance {unknown}
 z - a potion of ambrosia {unknown}
 C - a potion of haste {unknown}
Miscellaneous
 j - a plain deck of changes
Comestibles
 d - 5 bread rations
 l - 3 meat rations
 r - a fruit
 A - a beef jerky


   Skills:
 - Level 3.0 Fighting
 + Level 6.2 Long Blades
 - Level 3.0 Dodging
 - Level 3.1 Shields


You had 5 spell levels left.
You didn't know any spells.

Dungeon Overview and Level Annotations

Branches:
Dungeon (4/15)
 Temple: D:4-7

Altars:
Nemelex Xobeh
Trog
The Shining One

Annotations:
D:2 Terence
D:4 exclusion: orc wizard


Innate Abilities, Weirdness & Mutations

You cannot wear most types of armour.
You are amphibious.
You can wear up to eight rings at the same time.
You can use your tentacles to constrict eight enemies at once.
Your skin changes colour to match your surroundings (Stealth).
Your rubbery body absorbs attacks (AC +1).


Message History

The goblin shoots a stone.
The stone closely misses you.
You hear a splash.
The gnoll hits you from afar with a spear!
* * * LOW HITPOINT WARNING * * *
An orc wizard comes into view. It is wielding a dagger.
The orc wizard shouts!
The goblin shoots a stone.
You block the stone.
You hear a splash.
You see here a stone.
The goblin shoots a stone.
The stone hits you but does no damage.
You hear a splash.
You see here 4 stones.
The orc wizard casts a spell.
The orc wizard blinks!
The orc priest mumbles some strange prayers to Beogh against you.
Something smites you!
* * * LOW HITPOINT WARNING * * *
The orc priest calls down the wrath of Beogh upon you.
Something smites you!
You die...

## ##....# ≈# #...... ≈# +......
≈# #..g... ## ##.g..# # #....# #
#..).# #
#########################')##
#####≈≈≈≈≈≈≈≈≈≈≈@≈≈≈≈(((≈≈((...)≈
≈≈≈≈≈≈≈≈≈≈≈≈≈≈≈≈≈≈≈≈≈≈≈≈≈(g≈....)
≈≈≈≈≈≈≈≈≈≈≈≈≈≈≈≈≈oooog≈((≈≈≈....≈
.≈≈.≈≈≈.≈≈.≈..≈≈..≈o≈≈≈≈..≈≈....≈
...................(.(....(.....(
.............................(...
..#######.################.######
............#..................).
#...........#...#.#########.#.##.


You could see an orc priest, an orc wizard, a gnoll and 3 orcs.

Vanquished Creatures
  A scorpion (D:4)
  3 worker ants (D:4)
  3 adders
  5 worms
  6 orcs
  9 bats
  3 giant cockroaches
  13 goblins
  9 hobgoblins
  7 jackals
  3 quokkas
  3 giant geckos
  4 giant newts
  10 kobolds
  7 rats
86 creatures vanquished.

Notes
Turn   | Place    | Note
--------------------------------------------------------------
     0 | D:1      | septik the Octopode Fighter began the quest for the Orb.
     0 | D:1      | Reached XP level 1. HP: 16/16 MP: 1/1
   303 | D:1      | Reached XP level 2. HP: 19/21 MP: 2/2
   311 | D:1      | Found a sparkling altar of Nemelex Xobeh.
   831 | D:1      | Reached XP level 3. HP: 18/26 MP: 3/3
  1285 | D:2      | Found a glowing golden altar of the Shining One.
  1445 | D:2      | Noticed Terence
  1462 | D:2      | Found a faded altar to an unknown god.
  2146 | D:2      | You fall through a shaft!
  2398 | D:2      | Reached skill level 4 in Long Blades
  2490 | D:2      | Reached XP level 4. HP: 31/31 MP: 4/4
  3374 | D:4      | Reached skill level 5 in Long Blades
  3374 | D:4      | Reached XP level 5. HP: 23/36 MP: 5/5
  3599 | D:4      | Found a bloodstained altar of Trog.
  4032 | D:4      | Reached XP level 6. HP: 38/42 MP: 6/6
  4144 | D:4      | Reached skill level 6 in Long Blades
  4536 | D:4      | HP: 1/42 [orc priest/divine providence (12)]
  4537 | D:4      | Killed from afar by an orc priest

Vault maps used:
D:1:      sevenhm_arrival_forest_fort_large_2, columned_hall_lemuel,
          wad_floor_pattern_1, nemelex_deck
D:2:      tso_metal_star, ecumenical_altar_2, feat_on_display, uniq_terence
D:3:      fountainhead
D:4:      minmay_goblin_kobold_castle, bloody_trog, first_bread

Action                   |  1- 3 |  4- 6 || total
-------------------------+-------+-------++-------
Melee: Long sword        |    81 |    73 ||   154
 Fire: Hunting sling     |       |    47 ||    47
Throw: Stone             |       |     7 ||     7
  Use: Scroll            |       |     5 ||     5
       Potion            |       |     1 ||     1
 Stab: Sleeping          |     5 |     4 ||     9
       Distracted        |       |     1 ||     1
  Eat: Chunk             |     4 |     6 ||    10
